 Dungeon Crawl Stone Soup version 0.30.1-9-gdf580d7c3d (webtiles) character file.

Game seed: 16053301430939206755

326381 Ivernyr the Pulveriser (level 22, -15/188 HPs)
             Began as a Formicid Fighter on Sept 24, 2023.
             Was the Champion of Wu Jian.
             Demolished by a spriggan berserker
             ... wielding a +0 war axe
              (19 damage)
             ... on level 2 of the Depths on Sept 25, 2023.
             The game lasted 03:03:34 (40816 turns).

Ivernyr the Pulveriser (Formicid Fighter)          Turns: 40816, Time: 03:03:34

Health: -15/188    AC: 38    Str: 41    XL:     22   Next: 61%
Magic:  22/22      EV:  9    Int: 14    God:    Wu Jian [******]
Gold:   5220       SH: 24    Dex: 17    Spells: 21/21 levels left

rFire   + + .        a - +5 lajatang (vamp)
rCold   + . .        c - +2 kite shield {AC+3}
rNeg    . . .        E - +6 gold dragon scales
rPois   +            (helmet unavailable)
rElec   +            f - +0 cloak {Will+}
rCorr   .            C - +2 pair of gloves "Utweonyu" {Dex+4}
SInv    +            L - +0 pair of boots
Will    ++++.        b - amulet of reflection Stlth
                     J - ring "Paadobb" {rElec rF+ Str+4 Int+6}
HPRegen 0.51/turn    r - ring of Altruism {Fly Will+ Str+5}
MPRegen 0.18/turn

%: reflection
@: flying, studying Polearms
A: permanent stasis, dig shafts and tunnels, antennae 3, four strong arms
}: 2/15 runes: serpentine, barnacled
a: Dig, Shaft Self, Renounce Religion, Wall Jump, Serpent's Lash, Heavenly Storm


You were on level 2 of the Depths.
You worshipped Wu Jian.
Wu Jian was exalted by your worship.
You visited 8 branches of the dungeon, and saw 36 of its levels.
You visited 1 bazaar.
You also visited: Bailey, Gauntlet and Ice Cave.

You collected 5507 gold pieces.
You spent 287 gold pieces at shops.

Inventory:

Hand Weapons
 a - a +5 vampiric lajatang (weapon)
 e - a +0 lajatang of protection
Missiles
 q - 6 throwing nets
Armour
 c - a +2 kite shield of protection (worn)
 f - a +0 cloak of willpower (worn)
 C - the +2 pair of gloves "Utweonyu" (worn) {Dex+4}
   (You found it in a bailey)

   Dex:       It affects your dexterity (+4).
 E - +6 gold dragon scales (worn)
 L - a +0 pair of boots (worn)
 P - the +5 ring mail "Owulyhec" {rF++ rC- rN+ Will+++}
   (You bought it in a shop in a bazaar)

   rF:        It greatly protects you from fire.
   rC:        It makes you vulnerable to cold.
   rN:        It protects you from negative energy.
   Will:      It greatly increases your willpower.
Jewellery
 b - an amulet of reflection (around neck)
 l - a ring of flight
 o - a ring of protection from cold
 p - a +6 ring of strength
 r - the ring of Altruism (right hand) {Fly Will+ Str+5}
   (You found it on level 1 of the Depths)

   [ring of flight]

   Str:       It affects your strength (+5).
   Fly:       It grants you flight.
   Will:      It increases your willpower.
 x - a ring of protection from fire
 G - a ring of poison resistance
 J - the ring "Paadobb" (left hand) {rElec rF+ Str+4 Int+6}
   (You found it on level 5 of the Lair of Beasts)

   [ring of intelligence]

   Str:       It affects your strength (+4).
   Int:       It affects your intelligence (+6).
   rF:        It protects you from fire.
   rElec:     It insulates you from electricity.
 K - a ring of protection from cold
 N - a ring of protection from cold
 U - a ring of wizardry
 V - the ring "Ogued" {rN+ rCorr Int+3 Dex+3}
   (You took it off a deep elf annihilator on level 3 of the Elven Halls)

   [ring of resist corrosion]

   Int:       It affects your intelligence (+3).
   Dex:       It affects your dexterity (+3).
   rN:        It protects you from negative energy.
   rCorr:     It protects you from acid and corrosion.
 X - an amulet of regeneration
Wands
 k - a wand of quicksilver (15)
 m - a wand of iceblast (38)
 t - a wand of charming (46)
 y - a wand of digging (11)
 z - a wand of polymorph (17)
 B - a wand of mindburst (32)
 I - a wand of flame (84)
Scrolls
 u - 8 scrolls of amnesia
 w - a scroll of fear
 A - 9 scrolls of fog
 D - 8 scrolls of summoning
 Q - 2 scrolls of poison
 R - 3 scrolls of torment
 S - 2 scrolls of magic mapping
 T - 4 scrolls of identify
 W - a scroll of acquirement {unknown}
Potions
 d - 7 potions of might
 g - 18 potions of curing
 h - a potion of heal wounds
 i - 10 potions of lignification
 j - 2 potions of invisibility
 n - 6 potions of magic
 s - 7 potions of flight
 v - 5 potions of resistance
 F - 9 potions of brilliance
 H - 4 potions of ambrosia
 M - 4 potions of mutation
 O - 2 potions of berserk rage


   Skills:
 + Level 19.3 Fighting
 * Level 24.0 Staves
 + Level 18.9 Armour
 - Level 2.9 Dodging
 + Level 22.5 Shields


You had 21 spell levels left.
You didn't know any spells.
Your spell library contained the following spells:

 Spells                   Type           Power      Damage    Failure   Level
 Apportation              Tloc           0%         N/A       88%         1
 Freeze                   Ice            0%         1d3       88%         1
 Sandblast                Erth           0%         2d4       88%         1
 Shock                    Conj/Air       0%         1d3       88%         1
 Sting                    Tmut/Pois      0%         1d3       88%         1
 Summon Small Mammal      Summ           0%         N/A       88%         1
 Ensorcelled Hibernation  Hex/Ice        0%         N/A       96%         2
 Lesser Beckoning         Tloc           0%         N/A       96%         2
 Momentum Strike          Conj/Tloc      0%         3d8       96%         2
 Passwall                 Tmut/Erth      0%         N/A       96%         2
 Poisonous Vapours        Pois/Air       0%         N/A       96%         2
 Sublimation of Blood     Necr           0%         N/A       96%         2
 Wereblood                Tmut           0%         N/A       96%         2
 Call Canine Familiar     Summ           0%         N/A       99%         3
 Dazzling Flash           Conj/Hex       0%         N/A       99%         3
 Frozen Ramparts          Ice            0%         1d1       99%         3
 Gell's Gravitas          Tloc           0%         N/A       99%         3
 Hailstorm                Conj/Ice       0%         3d3       99%         3
 Portal Projectile        Hex/Tloc       0%         N/A       99%         3
 Spider Form              Tmut/Pois      0%         N/A       99%         3
 Stone Arrow              Conj/Erth      0%         3d7       99%         3
 Summon Guardian Golem    Hex/Summ       0%         N/A       99%         3
 Teleport Other           Tloc           0%         N/A       99%         3
 Tukima's Dance           Hex            0%         N/A       99%         3
 Volatile Blastmotes      Fire/Tloc      0%         2d10      99%         3
 Airstrike                Air            0%         2d(0-16)  100%        4
 Animate Armour           Summ/Erth      0%         N/A       100%        4
 Animate Dead             Necr           0%         N/A       100%        4
 Cause Fear               Hex            0%         N/A       100%        4
 Flame Wave               Conj/Fire      0%         2d4       100%        4
 Ice Form                 Ice/Tmut       0%         N/A       100%        4
 Iskenderun's Mystic Bla  Conj/Tloc      0%         2d3       100%        4
 Leda's Liquefaction      Hex/Erth       0%         N/A       100%        4
 Passage of Golubria      Tloc           0%         N/A       100%        4
 Petrify                  Tmut/Erth      0%         N/A       100%        4
 Sticky Flame             Conj/Fire      0%         2d3       100%        4
 Summon Ice Beast         Ice/Summ       0%         N/A       100%        4
 Agony                    Necr           0%         N/A       100%        5
 Alistair's Intoxication  Tmut/Pois      0%         N/A       100%        5
 Arcjolt                  Conj/Air       0%         1d10      100%        5
 Irradiate                Conj/Tmut      0%         3d11      100%        5
 Silence                  Hex/Air        0%         N/A       100%        5
 Summon Forest            Summ/Tloc      0%         N/A       100%        5
 Summon Mana Viper        Hex/Summ       0%         N/A       100%        5
 Yara's Violent Unravell  Hex/Tmut       0%         3d3       100%        5
 Conjure Ball Lightning   Conj/Air       0%         3x3d6     100%        6
 Dispersal                Tloc           0%         N/A       100%        6
 Iron Shot                Conj/Erth      0%         9d1       100%        6
 Plasma Beam              Fire/Air       0%         2x1d11    100%        6
 Starburst                Conj/Fire      0%         6d3       100%        6
 Statue Form              Tmut/Erth      0%         N/A       100%        6
 Summon Cactus Giant      Summ           0%         N/A       100%        6
 Haunt                    Necr/Summ      0%         N/A       100%        7
 Summon Hydra             Summ           0%         N/A       100%        7
 Discord                  Hex            0%         N/A       100%        8
 Lehudib's Crystal Spear  Conj/Erth      0%         10d2      100%        8
 Blink                    Tloc           Unusable   N/A       N/A         2
 Swiftness                Air            Unusable   N/A       N/A         3
 Vhi's Electric Charge    Tloc/Air       Unusable   N/A       N/A         3

Dungeon Overview and Level Annotations

Branches:
Dungeon (15/15)            Temple (0/1) D:6            Lair (5/5) D:10
 Shoals (4/4) Lair:2        Snake (4/4) Lair:2        Slime (0/5) Lair:5
    Orc (2/2) D:10            Elf (3/3) Orc:2        Vaults (1/5) D:13
 Depths (2/4) D:15         Bailey (visited)           IceCv (visited)
Gauntlet (visited)

Altars:
Ashenzari
Cheibriados
Dithmenos
Fedhas
Nemelex Xobeh
Okawaru
Qazlal
Ru
Trog
Vehumet
Wu Jian
Yredelemnul
Jiyva
Lugonu

Shops:
D:2 ?   D:4 =   Orc:2 ([[?   Elf:2 (=?*   Shoals:2 :   Snake:3 ==:   Vaults:1 (

Portals:
Hell: Depths:1 Depths:2
Abyss: Lair:5
Pandemonium: Depths:2
Trove: Depths:2 (give +8 demon blade)

Annotations:
D:3 fedepesso's ghost, amateur HOMo
D:14 exclusion: ice statue
Lair:2 2 transporters, mihai's ghost, journeyman DjCj
Snake:2 2 runed translucent doors, Efeneufi's ghost, adept MfBr
Elf:1 3 runed translucent doors, laros's ghost, journeyman MiBe


Innate Abilities, Weirdness & Mutations

You cannot be hasted, slowed, berserked, paralysed or teleported.
You can dig through walls and to a lower floor.
You have a pair of large antennae on your head. (SInv)
Your four strong arms can wield two-handed weapons with a shield.


Message History

You are no longer corroded.
The death yak rages.
The spriggan berserker looks more energetic.
The death yak attacks as you move away! You block the death yak's attack.
The death yak rages.
The spriggan berserker is no longer regenerating.
The spriggan berserker is no longer strong-willed.
The spriggan berserker invokes Trog's protection!
The polar bear rages.
The death yak gores you!!
* * * LOW HITPOINT WARNING * * *
The death yak attacks as you move away! You block the death yak's attack.
You hear a deafening roar!
The spriggan berserker prays to Trog.
The spriggan berserker goes berserk!
The polar bear rages.
The death yak rages.
You block the spriggan berserker's attack.
The death yak gores you!
* * * LOW HITPOINT WARNING * * *
You feel much better.
You feel less exhausted. You block the polar bear's attack. x3
The spriggan berserker hits you but does no damage.
The death yak gores you!
* * * LOW HITPOINT WARNING * * *
The polar bear bites you.
* * * LOW HITPOINT WARNING * * *
The polar bear claws you but does no damage. x2
As you read the scroll of fear, it crumbles to dust.
You assume a fearsome visage.
The death yak is unaffected.
The polar bear is unaffected.
The soul eater resists with almost no effort.
The spriggan berserker is unaffected.
The purple ugly thing looks frightened!
You block the spriggan berserker's attack.
The death yak gores you!!
* * * LOW HITPOINT WARNING * * *
You block the polar bear's attack. The polar bear barely misses you.
The polar bear claws you but does no damage.
The spriggan berserker hits you with a +0 war axe!!
You die...

......................
........................
......<.................
........................
........................
..........#............#
........###............♣
..##.....#......[.......
...#...@........[.......
...##.iYh...............
.......................#
............_...........#
........3.......>.......#
#.......................♣ .......
........u........(.?....♣
.............D..D.........∩......
........ #...............?.(..#..


You could see 2 fire dragons, a death yak (summoned, berserk), a purple ugly
thing (fleeing), a soul eater, a spriggan berserker (berserk, regenerating,
strong-willed) and a polar bear (summoned, berserk).

Vanquished Creatures
  2 juggernauts (Depths:1)
  A golden dragon (Depths:1)
  Nikola (Snake:2)
  the Enchantress (Depths:1)
  2 deep elf blademasters (Elf:3)
  Gastronok (Lair:1)
  2 deep elf master archers (Elf:3)
  4 sphinxes
  Frances (Shoals:2)
  Agnes (D:15)
  A tengu reaver (Depths:1)
  3 thorn hunters (Depths:2)
  Ilsuiw (Shoals:3)
  Roxanne (D:15)
  5 nagarajas
  2 fire giants (Depths:1)
  A draconian monk (Depths:1)
  2 draconian knights (Depths:1)
  An emperor scorpion (D:15)
  An iron dragon (Depths:2)
  A frost giant (Depths:2)
  Aizul (Lair:2)
  A draconian scorcher (Depths:1)
  2 ironbound preservers (Vaults:1)
  4 deep elf sorcerers (Elf:3)
  A ghost moth (shapeshifter) (Depths:2)
  2 spriggan defenders (Depths:2)
  3 deep elf elementalists (Elf:3)
  An orc warlord (Orc:2)
  3 stone giants (Depths:1)
  An ironbound thunderhulk (Vaults:1)
  7 very ugly things
  Nessos (D:15)
  3 deep elf demonologists (Elf:3)
  Azrael (D:15)
  6 deep elf annihilators (Elf:3)
  A purple draconian (Depths:1)
  2 minotaurs
  Snorg (Orc:2)
  2 deep elf death magi
  6 spark wasps (Depths:1)
  6 merfolk impalers
  5 ettins
  A fire dragon (Depths:2)
  2 merfolk javelineers (Shoals:3)
  Josephine (D:11)
  4 deep elf high priests
  An ice dragon (Depths:1)
  A spriggan air mage (Depths:1)
  2 rakshasas
  A hell beast (Depths:2)
  Harold (D:11)
  A salamander tyrant (Snake:4)
  4 vault guards (D:13)
  Erica (D:11)
  2 ogre magi (Orc:2)
  2 merfolk avatars
  3 alligator snapping turtles
  10 anacondas
  4 hydras
  2 ironbound frosthearts (IceCv)
  5 centaur warriors
  3 deep troll shamans
  A catoblepas (Lair:1)
  26 dancing weapons
  A death scarab (Gauntlet)
  11 naga warriors
  12 satyrs
  2 merfolk aquamancers
  4 boulder beetles
  11 two-headed ogres
  4 thrashing horrors
  A deep troll earth mage (Depths:2)
  9 death yaks
  18 naga sharpshooters
  An orc high priest (Orc:1)
  2 tengu warriors (D:15)
  5 shock serpents
  2 spriggan berserkers
  Nergalle (D:10)
  A hell hog (Depths:2)
  4 salamander mystics
  15 deep elf knights
  2 iron trolls
  Amaemon (Lair:1)
  6 skysharks
  Lodul (D:14)
  A death drake (Depths:1)
  9 sea snakes
  A spriggan druid (Depths:2)
  3 glowing orange brains (Depths:1)
  A quicksilver dragon simulacrum (Depths:2)
  6 deep elf archers
  3 wizards
  15 deep trolls
  3 lindwurms (Depths:1)
  A necromancer (Depths:1)
  3 orc knights
  11 naga ritualists
  16 deep elf pyromancers
  22 deep elf zephyrmancers
  6 mana vipers
  24 harpies
  An orc sorcerer (D:13)
  9 cyclopes
  A stone giant zombie (Depths:1)
  27 fauns
  6 manticores
  28 ugly things
  A vault sentinel (Vaults:1)
  6 elephants (Lair:1)
  Maurice (D:11)
  8 salamanders
  5 guardian serpents
  An eye of devastation (shapeshifter) (D:13)
  31 black mambas
  7 water nymphs
  14 merfolk sirens
  10 cane toads
  2 torpor snails
  3 smoke demons (Lair:5)
  12 naga magi
  An ice statue (IceCv)
  3 gargoyles
  16 rime drakes
  An orange demon (Lair:1)
  4 kobold demonologists
  11 komodo dragons
  A cane toad (shapeshifter) (Lair:5)
  An unseen horror (D:12)
  A freezing wraith (D:15)
  Psyche (D:12)
  4 tengu conjurers
  A golden dragon simulacrum (Depths:1)
  A spark wasp simulacrum (Depths:1)
  A queen bee (Lair:2)
  An ancient zyme (Lair:5)
  34 merfolk
  12 trolls
  14 polar bears (IceCv)
  2 wind drakes (Shoals:2)
  Grinder (D:5)
  A raiju (Gauntlet)
  18 dream sheep
  13 slime creatures
  7 snapping turtles
  17 blink frogs
  A spectral black mamba (Gauntlet)
  Sigmund (D:3)
  A human (shapeshifter) (Lair:5)
  12 wyverns
  A yak (shapeshifter) (D:14)
  A spriggan (shapeshifter) (D:15)
  3 humans (Elf:1)
  A wyvern (shapeshifter) (D:9)
  A shadow (D:10)
  A vampire (D:9)
  6 wraiths
  83 yaks
  Grum (Lair:1)
  A large abomination (Lair:5)
  21 water elementals
  14 basilisks
  7 fire elementals (D:15)
  2 vampire mosquitoes (D:13)
  A chaos spawn (Lair:5)
  4 steam dragons
  A glowing shapeshifter zombie (Depths:1)
  3 wargs
  41 nagas
  2 acid dragons
  18 water moccasins
  2 hell hounds
  3 black bears
  2 sky beasts
  23 orc warriors
  12 small abominations
  28 ogres
  31 wolves
  11 centaurs
  3 phantoms
  5 kobold brigands
  10 bullfrogs
  2 earth elementals
  A scorpion (D:10)
  4 wights (D:8)
  40 killer bees
  5 electric eels
  7 howler monkeys
  13 orc priests
  2 hounds
  6 jellies
  A quasit (D:3)
  A gnoll bouda (Lair:3)
  2 iguanas (D:5)
  Ijyb (D:5)
  11 hell rats
  22 orc wizards
  14 adders
  3 gnolls (D:5)
  A shadow imp (D:7)
  19 white imps
  3 ufetubi
  A worm (shapeshifter) (D:9)
  2 worms (D:2)
  2 dart slugs
  107 orcs
  7 ball pythons
  2 bats
  9 endoplasms
  4 giant cockroaches
  6 goblins
  6 hobgoblins
  26 kobolds
  4 quokkas
  3 frilled lizards
  5 rats
1452 creatures vanquished.

Vanquished Creatures (others)
  A deep elf sorcerer (Elf:3)
  An ogre mage (D:13)
  2 merfolk aquamancers (Shoals:4)
  A naga warrior (Snake:1)
  A deep elf zephyrmancer (Elf:1)
  2 deep elf pyromancers (Elf:1)
  A centaur simulacrum (D:15)
  2 water elementals (Shoals:4)
  An orc warrior (Orc:1)
  A scorpion (D:4)
  A bullfrog (Lair:1)
  2 orcs (Orc:1)
  A goblin (D:4)
17 creatures vanquished.

Grand Total: 1469 creatures vanquished

Notes
Turn   | Place    | Note
-------+----------+-------------------------------------------
     0 | D:1      | Ivernyr the Formicid Fighter began the quest for the Orb.
     0 | D:1      | Reached XP level 1. HP: 18/18 MP: 1/1
   158 | D:1      | Reached XP level 2. HP: 24/24 MP: 2/2
   339 | D:1      | Reached XP level 3. HP: 29/29 MP: 3/3
   460 | D:2      | Found Winuhyod's Magic Scroll Boutique.
   466 | D:2      | Bought a scroll of identify for 26 gold pieces
   556 | D:2      | Found a faded altar of an unknown god.
   628 | D:2      | Reached XP level 4. HP: 37/37 MP: 4/4
   691 | D:2      | Reached skill level 3 in Staves
  1230 | D:3      | Reached XP level 5. HP: 41/42 MP: 5/5
  1252 | D:3      | Found an iron altar of Okawaru.
  1381 | D:3      | Noticed Sigmund
  1408 | D:3      | Killed Sigmund
  1409 | D:3      | Reached skill level 4 in Staves
  1409 | D:3      | Reached skill level 5 in Shields
  1409 | D:3      | Reached XP level 6. HP: 23/49 MP: 6/6
  1659 | D:3      | Found a transporter.
  1668 | D:3      | Noticed fedepesso's ghost (amateur HOMo)
  1719 | D:3      | Found a transporter.
  1771 | D:3      | Identified the ring of Remmeru {rElec Dex+6 SInv}
  1791 | D:3      | Reached XP level 7. HP: 49/55 MP: 7/7
  2185 | D:4      | Found a broken altar of Ashenzari.
  2209 | D:4      | Reached skill level 5 in Staves
  2429 | D:4      | Found a blossoming altar of Fedhas.
  2559 | D:4      | Reached skill level 5 in Armour
  2564 | D:4      | Found Kiexkin's One-of-a-Kind Rings.
  3167 | D:5      | Entered Level 5 of the Dungeon
  3233 | D:5      | Reached skill level 5 in Fighting
  3374 | D:5      | Reached XP level 8. HP: 59/62 MP: 8/8
  3506 | D:5      | Noticed Grinder
  3528 | D:5      | Killed Grinder
  3529 | D:5      | Reached skill level 6 in Staves
  4006 | D:5      | Noticed Ijyb
  4020 | D:5      | Killed Ijyb
  4105 | D:5      | Found the +0 toga "Victory" {*Victory Clar}
  4177 | D:5      | Found a sacrificial altar of Ru.
  4191 | D:5      | Found an ornate altar of the Wu Jian Council.
  4402 | D:5      | Became a worshipper of the Wu Jian Council
  4571 | D:6      | Reached XP level 9. HP: 49/69 MP: 9/9
  4847 | D:6      | Reached skill level 7 in Staves
  5076 | D:6      | Found a snail-covered altar of Cheibriados.
  5196 | D:6      | Found a staircase to the Ecumenical Temple.
  5356 | D:7      | Reached * piety under Wu Jian
  5375 | D:7      | Identified the +0 whip of Shrieking Terror {drain, rF+
                  | Will+}
  5703 | D:7      | Reached skill level 8 in Staves
  6006 | D:7      | Found a stormy altar of Qazlal.
  6051 | D:7      | Reached XP level 10. HP: 48/79 MP: 10/10
  6343 | D:8      | Reached skill level 9 in Staves
  6343 | D:8      | Reached skill level 1 in Dodging
  6370 | D:8      | Reached ** piety under Wu Jian
  6812 | D:9      | Found a runed translucent door.
  6988 | D:9      | Found a flagged portal.
  6999 | Bailey   | Entered a bailey
  7084 | Bailey   | Noticed an orc knight
  7174 | Bailey   | Killed an orc knight
  7175 | Bailey   | Reached skill level 10 in Staves
  7424 | Bailey   | Identified the +2 pair of gloves "Utweonyu" {Dex+4}
  7507 | D:9      | Reached skill level 10 in Shields
  7659 | D:9      | Identified the +2 leather armour of True Grit {Drain +Inv
                  | rF+++ Str-4}
  7754 | D:9      | Reached XP level 11. HP: 71/87 MP: 11/11
  7805 | D:9      | Reached *** piety under Wu Jian
  8122 | D:9      | Found a runed translucent door.
  8756 | D:9      | Noticed a six-headed hydra
  9052 | D:9      | Reached skill level 11 in Staves
  9065 | D:9      | Noticed a centaur warrior
  9081 | D:9      | Killed a centaur warrior
  9709 | D:10     | Entered Level 10 of the Dungeon
  9795 | D:10     | Found a staircase to the Lair.
  9979 | D:10     | Noticed Nergalle
  9993 | D:10     | Killed Nergalle
  9994 | D:10     | Reached XP level 12. HP: 97/97 MP: 12/12
 10056 | D:10     | Found a viscous altar of Jiyva.
 10529 | D:10     | Reached **** piety under Wu Jian
 10744 | D:10     | Found a staircase to the Orcish Mines.
 10926 | Lair:1   | Entered Level 1 of the Lair of Beasts
 10932 | Lair:1   | Reached skill level 12 in Staves
 11075 | Lair:1   | Noticed Gastronok
 11093 | Lair:1   | Killed Gastronok
 11094 | Lair:1   | Reached skill level 10 in Fighting
 11450 | Lair:1   | Found a frozen archway.
 11450 | Lair:1   | Noticed Amaemon
 11471 | Lair:1   | Killed Amaemon
 11472 | Lair:1   | Reached skill level 13 in Staves
 11665 | IceCv    | Entered an ice cave
 11707 | IceCv    | Reached skill level 10 in Armour
 11711 | IceCv    | Reached XP level 13. HP: 98/104 MP: 13/13
 12113 | IceCv    | Reached ***** piety under Wu Jian
 12333 | IceCv    | Reached skill level 14 in Staves
 12417 | IceCv    | Noticed an ironbound frostheart
 12417 | IceCv    | Noticed an ironbound frostheart
 12911 | IceCv    | Killed an ironbound frostheart
 12974 | IceCv    | Killed an ironbound frostheart
 12997 | IceCv    | Got Leawauworr's Catalogue of Freezing Bad Luck
 13433 | Lair:1   | Noticed a catoblepas
 13454 | Lair:1   | Killed a catoblepas
 13610 | Lair:1   | Reached XP level 14. HP: 108/114 MP: 14/14
 13771 | Lair:1   | Noticed Grum
 13779 | Lair:1   | Killed Grum
 14192 | Lair:2   | Found a snail-covered altar of Cheibriados.
 14227 | Lair:2   | Reached skill level 15 in Staves
 14257 | Lair:2   | Found a bloodstained altar of Trog.
 14257 | Lair:2   | Noticed mihai's ghost (journeyman DjCj)
 14273 | Lair:2   | Found a staircase to the Snake Pit.
 14689 | Lair:2   | Found a transporter.
 14694 | Lair:2   | Found a transporter.
 14890 | Lair:2   | You fall into a shaft and drop 2 floors!
 15781 | Lair:3   | Reached ****** piety under Wu Jian
 15868 | Lair:3   | Found the +8 whip "Snakebite" {venom, curare, rPois}
 16613 | Lair:4   | Reached skill level 15 in Shields
 16995 | Lair:4   | Reached XP level 15. HP: 122/122 MP: 15/15
 17179 | Lair:4   | Identified the +7 sling of the Sun {flame, rElec Str+5
                  | Stlth-}
 17312 | Lair:5   | Entered Level 5 of the Lair of Beasts
 17321 | Lair:4   | Reached skill level 16 in Staves
 17902 | Lair:5   | Found a viscous altar of Jiyva.
 17902 | Lair:5   | Found a staircase to the Slime Pits.
 18510 | Lair:5   | Identified the +0 ring mail of Activism {rN+ Str-2 Int+2
                  | SInv}
 18940 | Lair:5   | Found a corrupted altar of Lugonu.
 18940 | Lair:5   | Found a one-way gate to the infinite horrors of the Abyss.
 19042 | Lair:5   | Identified the ring "Paadobb" {rElec rF+ Str+4 Int+6}
 19290 | Orc:1    | Entered Level 1 of the Orcish Mines
 19669 | Orc:1    | Reached skill level 17 in Staves
 19948 | Orc:2    | Entered Level 2 of the Orcish Mines
 19961 | Orc:2    | Noticed an orc warlord
 20006 | Orc:2    | Killed an orc warlord
 20026 | Orc:2    | Found a gate leading to a gauntlet.
 20036 | Gauntlet | Entered a Gauntlet
 20036 | Gauntlet | Found a transporter.
 20046 | Gauntlet | Found a transporter.
 20048 | Gauntlet | Found a transporter.
 20050 | Gauntlet | Found a transporter.
 20078 | Gauntlet | Found a transporter.
 20080 | Gauntlet | Found a transporter.
 20095 | Gauntlet | Found a transporter.
 20108 | Gauntlet | Found a transporter.
 20114 | Gauntlet | Found a transporter.
 20133 | Gauntlet | Found a transporter.
 20152 | Gauntlet | Found a transporter.
 20164 | Gauntlet | Found a transporter.
 20176 | Gauntlet | Found a transporter.
 20188 | Gauntlet | Found a transporter.
 20197 | Gauntlet | Noticed a reaper
 20200 | Gauntlet | Found a transporter.
 20224 | Gauntlet | Found a transporter.
 20224 | Gauntlet | Found a transporter.
 20396 | Gauntlet | Identified the staff of air "Pyalyeti" {*Slow +Blink rElec
                  | rC+}
 20427 | Gauntlet | Identified the +1 broad axe "Sorchati" {heavy, rC+ Int+3
                  | SInv}
 20512 | Gauntlet | Identified the +0 cloak "Oregriewn" {Harm}
 20516 | Gauntlet | Got the Octavo of Unfortunate Teratogeny
 20526 | Gauntlet | Identified the +6 arbalest "Newtbane" {flame, rF+ Str+3
                  | Int+3}
 20738 | Gauntlet | Got the Tome of Battling
 20740 | Gauntlet | Identified the +5 ring mail of Past Mistakes {Str+4 Int+3}
 20798 | Orc:2    | Reached XP level 16. HP: 132/132 MP: 16/16
 20867 | Orc:2    | Noticed Snorg
 20874 | Orc:2    | Found a staircase to the Elven Halls.
 20887 | Orc:2    | Killed Snorg
 21262 | Orc:2    | Found Bin Efiwkub's Magic Scroll Emporium.
 21369 | Orc:2    | Found Zeleime's Armour Shoppe.
 21373 | Orc:2    | Found Juje's Armour Boutique.
 21426 | Orc:2    | Found Houxteg's Antique Weapon Emporium.
 21786 | D:11     | Noticed Josephine
 21797 | D:11     | Killed Josephine
 22058 | D:11     | Noticed Erica
 22067 | D:11     | Killed Erica
 22201 | D:11     | Noticed Harold
 22202 | D:11     | Noticed Maurice
 22214 | D:11     | You fall into a shaft and drop 1 floor!
 22322 | D:12     | Noticed Psyche
 22327 | D:12     | Killed Psyche
 22456 | D:12     | Found a sparkling altar of Nemelex Xobeh.
 22625 | D:12     | Reached skill level 18 in Staves
 22753 | D:12     | You fall into a shaft and drop 1 floor!
 23177 | D:11     | Killed Harold
 23185 | D:11     | Killed Maurice
 23876 | D:13     | Found a gate to the Vaults.
 23959 | D:13     | Reached XP level 17. HP: 136/140 MP: 17/17
 24559 | D:14     | Noticed Lodul
 24564 | D:14     | Killed Lodul
 24845 | D:14     | Reached skill level 15 in Fighting
 25684 | D:15     | Entered Level 15 of the Dungeon
 25684 | D:15     | Found a radiant altar of Vehumet.
 25765 | D:15     | Found a staircase to the Depths.
 26138 | D:15     | Noticed Agnes
 26144 | D:15     | Killed Agnes
 26158 | D:15     | Noticed Nessos
 26168 | D:15     | Noticed Azrael
 26170 | D:15     | Killed Nessos
 26184 | D:15     | Killed Azrael
 26184 | D:15     | Reached skill level 19 in Staves
 26334 | D:15     | Identified Roxanne's Essays on Transmutation
 26334 | D:15     | Noticed Roxanne
 26368 | D:15     | Killed Roxanne
 26829 | Snake:1  | Entered Level 1 of the Snake Pit
 26835 | Snake:1  | Noticed Aizul
 26865 | Lair:2   | Killed Aizul
 26918 | Snake:1  | Reached skill level 15 in Armour
 27170 | Snake:1  | Reached XP level 18. HP: 140/150 MP: 18/18
 27415 | Snake:2  | Found a large runed translucent door.
 27415 | Snake:2  | Found a large runed translucent door.
 27419 | Snake:2  | Noticed Efeneufi's ghost (adept MfBr)
 27904 | Snake:2  | Noticed Nikola
 27923 | Snake:2  | Killed Nikola
 28987 | Snake:3  | Found Afaibb's Book Shoppe.
 28987 | Snake:3  | Found Sief's Jewellery Boutique.
 28988 | Snake:3  | Found Mun Gioz's Jewellery Boutique.
 29573 | Snake:4  | Entered Level 4 of the Snake Pit
 29582 | Snake:4  | Reached skill level 20 in Staves
 29936 | Snake:4  | Got a serpentine rune of Zot
 29949 | Snake:4  | Reached XP level 19. HP: 159/159 MP: 19/19
 30866 | Shoals:1 | Entered Level 1 of the Shoals
 31751 | Shoals:2 | Reached skill level 21 in Staves
 31927 | Shoals:2 | Got the Compendium of Ignition
 32136 | Shoals:2 | Found Taow Sia's Book Boutique.
 32330 | Shoals:2 | Noticed Frances
 32352 | Shoals:2 | Killed Frances
 32570 | Shoals:3 | Identified the +6 rapier of Causality {freeze, Drain rPois
                  | Dex+9}
 32908 | Shoals:3 | Noticed Ilsuiw
 32935 | Shoals:3 | Killed Ilsuiw
 33243 | Shoals:4 | Entered Level 4 of the Shoals
 33300 | Shoals:4 | Reached XP level 20. HP: 127/168 MP: 20/20
 33996 | Shoals:4 | Reached skill level 22 in Staves
 34272 | Shoals:4 | Got a barnacled rune of Zot
 34725 | Elf:1    | Entered Level 1 of the Elven Halls
 35195 | Elf:1    | Found a runed translucent gate.
 35195 | Elf:1    | Found a runed translucent gate.
 35195 | Elf:1    | Found a runed translucent gate.
 35197 | Elf:1    | Noticed laros's ghost (journeyman MiBe)
 35324 | Elf:1    | Found a flickering gateway to a bazaar.
 35353 | Bazaar   | Entered a bazaar
 35353 | Bazaar   | Found Xiraxut's Antique Armour Shoppe.
 35358 | Bazaar   | Found Loxt's Book Shop.
 35367 | Bazaar   | Found Qotzun's Assorted Antiques.
 35375 | Bazaar   | Found Aruceon's Weapon Shoppe.
 35381 | Bazaar   | Found Nuihio's Jewellery Emporium.
 35417 | Bazaar   | Bought a steaming ring mail for 261 gold pieces
 35417 | Bazaar   | Identified the +5 ring mail "Owulyhec" {rF++ rC- rN+
                  | Will+++} (You bought it in a shop in a bazaar)
 35567 | Elf:1    | Got Leoriz's Handbook of Leadership
 35894 | Elf:2    | Found Dunk's Jewellery Shoppe.
 35896 | Elf:2    | Found Neyfargh's Magic Scroll Emporium.
 35898 | Elf:2    | Found Ihosistri's General Store.
 36079 | Elf:2    | Found Setaig Hamo's Antique Weapon Boutique.
 36225 | Elf:2    | Found a runed translucent gate.
 36225 | Elf:2    | Found a runed translucent gate.
 36225 | Elf:2    | Found a runed translucent gate.
 36324 | Elf:2    | Reached XP level 21. HP: 172/177 MP: 17/21
 36775 | Elf:3    | Entered Level 3 of the Elven Halls
 36889 | Elf:3    | Noticed a Tzitzimitl
 37195 | Elf:3    | Identified the +4 battleaxe of Amortisation {heavy, rElec
                  | rPois rF+}
 37319 | Elf:3    | Identified the ring "Ogued" {rN+ rCorr Int+3 Dex+3}
 37319 | Elf:3    | Identified the +3 war axe of Wyrd {holy, rF+ Dex-2 Stlth+}
 37329 | Elf:3    | Reached skill level 23 in Staves
 37697 | Elf:3    | Identified the staff of cold "Aracs" {rC+ Int+5}
 37770 | Elf:3    | Identified the staff of air "Qemiohur" {rElec rF+ Will-
                  | Int+4}
 38102 | Vaults:1 | Entered Level 1 of the Vaults
 38261 | Vaults:1 | Found Tauril's Antique Weapon Shoppe.
 38569 | Depths:1 | Entered Level 1 of the Depths
 38874 | Depths:1 | Found a gateway to Hell.
 38903 | Depths:1 | Found a basalt altar of Yredelemnul.
 38944 | Depths:1 | Noticed a juggernaut
 38949 | Depths:1 | Killed a juggernaut
 39156 | Depths:1 | Reached XP level 22. HP: 121/186 MP: 22/22
 39375 | Depths:1 | Noticed a juggernaut
 39388 | Depths:1 | Killed a juggernaut
 39519 | Depths:1 | Noticed a golden dragon
 39540 | Depths:1 | Killed a golden dragon
 39631 | Depths:1 | Identified the ring of Altruism {Fly Will+ Str+5}
 39660 | Depths:1 | Identified the +6 glaive of Veqeqil {freeze, *Corrode rC++
                  | Int+5}
 39666 | Depths:1 | Got the Treatise on Peccant Arcane Weapons
 39677 | Depths:1 | Identified the +4 ring mail of the Komodo Dragon {+Inv
                  | rPois Regen+ Int-2}
 39680 | Depths:1 | Identified the staff of air "Plog" {+Blink rElec MP+9 Dex+4
                  | Stlth+}
 40271 | Depths:2 | Found a radiant altar of Vehumet.
 40271 | Depths:2 | Noticed the Enchantress
 40309 | Depths:1 | Killed the Enchantress
 40395 | Depths:2 | Got the Folio of Metamorphic Evil Magic
 40592 | Depths:2 | Found a one-way gate leading to the halls of Pandemonium.
 40625 | Depths:2 | Reached skill level 24 in Staves
 40644 | Depths:2 | Found a shadowy altar of Dithmenos.
 40648 | Depths:2 | Found a portal to a secret trove of treasure.
 40816 | Depths:2 | HP: 4/188 [death yak[a spriggan berserker] (24)]
 40816 | Depths:2 | Demolished by a spriggan berserker

Illustrated notes

Levels and vault maps discovered:
D:1:      eino_arrival_tree_alley, layout_rooms
D:2:      layout_basic, serial_shops, nicolae_shop_tiny_statue_garden,
          ebering_ecumenical_altar_abandoned
D:3:      layout_rooms, okawaru_gym_becter, gammafunk_ghost_stat_death,
          uniq_sigmund
D:4:      layout_rooms, kennysheep_mini_moat, mainiacjoe_overflow_catwalk,
          nicolae_shop_unique_rings, lemuel_flame_loot_1
D:5:      layout_loops_ring, mainiacjoe_overflow_swirl, uniq_grinder, uniq_ijyb
D:6:      layout_layer_cave, cheibriados_altar_1, temple_fountains
D:7:      layout_basic, nicolae_qazlal_beasts_of_the_sky
D:8:      layout_basic
D:9:      cheibrodos_histonic, layout_loops_corners, enter_bailey_1
D:10:     layout_loops_ring, grunt_lair_entry_orc_guard_hut, hiddenorc1_lemuel,
          minmay_misc_feat_room, jiyva_altar_1, uniq_nergalle
D:11:     layout_basic, lightli_minifort, uniq_harold, uniq_maurice,
          uniq_josephine, uniq_erica
D:12:     layout_roguey, nemelex_lonely_heart_becter, uniq_psyche
D:13:     layout_loops_ring, grunt_vaults_entry_fortified,
          nicolae_concentric_dashed_squares_mild
D:14:     layout_stronghold, minmay_hedge_maze, chequers_big_river, minivault_1,
          grunt_ministairs_3, minmay_statue_bubble, uniq_lodul
D:15:     hangedman_depths_entry_try_elsewhere_first, layout_cave_pools,
          serial_column_ruins, column_ruins_grid_3,
          column_ruins_columns_straight, column_ruins_open_tiny,
          column_ruins_open_medium, fiery_altar_vehumet, uniq_nessos,
          uniq_azrael, uniq_roxanne, uniq_agnes
Lair:1:   layout_gridlike, portal_ice_cave_entry_imps, lemuel_another_geyser,
          grunt_megastairs_3, serial_bayou_shore_a, uniq_grum, uniq_amaemon,
          uniq_gastronok
Lair:2:   layout_roguey, nicolae_shoals_entry_flooding,
          guppyfry_snake_entry_island, special_room [special_room_bee],
          gammafunk_ghost_wrathful_warriors, basic_altar,
          infiniplex_staircase_pool_2
Lair:3:   minmay_guarded_unrand_snakebite, layout_chaotic_city,
          nicolae_quartered_pool_medium, dreamdust_gnoll_shepherd
Lair:4:   layout_roguey, special_room [special_room_mythical_zoo],
          enter_volcano_2
Lair:5:   hellmonk_lair_end_abyssal_woods, layout_loops_ring, slime_entry_1
Shoals:1: layout_shoals
Shoals:2: layout_shoals, serial_shops, shop_fountains, uniq_frances
Shoals:3: layout_shoals, uniq_ilsuiw
Shoals:4: shoals_end_hellmonk_lost_city, serial_shops
Snake:1:  cheibrodos_snake_ritualist_ritual, layout_grid_shapes, uniq_aizul
Snake:2:  layout_layer_cave, ebering_ghost_disaster_area, uniq_nikola
Snake:3:  layout_cave_shapes, minmay_shop_grove, serial_bayou_shore_b,
          grunt_megastairs_5
Snake:4:  johnstein_snake_rune_scales, layout_cave_town
Orc:1:    layout_caves
Orc:2:    st_orc_open, layout_diamond_mine, gauntlet_entry_generic, uniq_snorg
Elf:1:    eino_elf_arrival_sip, layout_loops_corners, ebering_ghost_rock_garden,
          serial_shops, bzr_entry_customers, minmay_elf_demonology
Elf:2:    nicolae_elf_blades_splatter_lattice [nicolae_blade_little_rooms],
          layout_rooms, serial_shops, shop, minmay_shop_star
Elf:3:    grunt_elf_hall_asides, layout_gridlike, serial_shops,
          nicolae_book_shop_shelving, fake_guardian_serpent_vault
Vaults:1: nicolae_vaults_offset_grid_hallway_2, nicolae_vaults_turnstiles,
          vaults_room_stairs_pillars, nicolae_vaults_circle_grid_a,
          hangedman_vaults_unwind, nicolae_vaults_two_Ls,
          nicolae_vaults_border_crossing, nicolae_vaults_little_squares_4,
          v_misc_19, ontoclasm_vaults_fault, nicolae_vaults_trapezoid_layered,
          ontoclasm_vaults_hangar, nicolae_vaults_storage_closets_2, v_misc_15,
          nicolae_vaults_what_the_h, dpeg_vaults_monster_row,
          layout_vaults_omnibox, serial_shops, shop, uniq_saint_roka
Depths:1: gold_lair_mu, layout_basic, pf_coc_iceberg,
          chequers_serial_rivers_micro_c, roderic_nine_men_s_morris,
          yredelemnul_altar_generic
Depths:2: grunt_forest_end_shrine, layout_cave_pools, grunt_dithmenos_smoke,
          nicolae_trove_entry_free_sample, grunt_mini_vestibule,
          serial_column_ruins, column_ruins_circle_medium,
          column_ruins_open_medium, column_ruins_grid_3, column_ruins_open_tiny,
          column_ruins_grid_3, pan_entry

Skill      XL: |  1  2  3  4  5  6  7  8  9 10 11 12 13 14 15 16 17 18 19 20 21 22 |
---------------+-------------------------------------------------------------------+-----
Staves         | 3 4 5 6 8 10 11 13 14 15 17 18 19 20 21 22 23 24 | 24.0
Fighting       | 4 5 6 7 8 9 10 11 12 13 14 15 16 17 18 19 | 19.3
Armour         | 4 5 6 7 8 10 11 12 13 14 15 16 17 18 | 18.9
Shields        | 5 6 7 8 10 11 12 13 15 16 17 18 19 20 21 22 | 22.5
Dodging        | 2 |  2.9

Action                     |  1- 3 |  4- 6 |  7- 9 | 10-12 | 13-15 | 16-18 | 19-21 | 22-24 || total
---------------------------+-------+-------+-------+-------+-------+-------+-------+-------++-------
  Melee: Quarterstaff      |    53 |   146 |   348 |   774 |  1108 |       |       |       ||  2429
         Whip              |       |       |       |       |   998 |       |       |       ||   998
         Lajatang          |       |       |       |       |       |  1539 |  1520 |   390 ||  3449
 Invoke: Serpent's Lash    |       |       |       |     4 |    10 |    13 |    10 |     5 ||    42
Ability: Dig               |       |     3 |       |     2 |       |     1 |     3 |       ||     9
         Lunge             |       |       |    11 |    48 |    65 |   114 |   144 |    14 ||   396
         Whirlwind         |       |       |       |   102 |   543 |   641 |   351 |    64 ||  1701
         Wall Jump         |       |       |       |       |     2 |     1 |       |     1 ||     4
         Shaft Self        |       |       |       |       |       |     1 |       |       ||     1
    Use: Scroll            |       |       |       |    13 |     4 |     9 |    12 |     1 ||    39
         Potion            |       |       |       |     1 |     5 |       |     4 |     2 ||    12
   Stab: Sleeping          |       |       |     1 |     3 |     1 |       |       |       ||     5
         Distracted        |       |       |     1 |       |       |       |       |       ||     1
         Petrified         |       |       |       |       |     4 |       |       |       ||     4
         Petrifying        |       |       |       |       |     3 |       |       |       ||     3
 Armour: Scale mail        |     4 |       |       |       |       |       |       |       ||     4
         Ring mail         |    23 |    81 |    47 |       |       |       |       |       ||   151
         Robe              |       |       |    83 |   143 |    72 |       |       |       ||   298
         Gold dragon scale |       |       |       |       |   448 |   459 |   525 |   115 ||  1547
  Dodge: Dodged            |    20 |    69 |   139 |   225 |   226 |   205 |   238 |    52 ||  1174
  Block: Buckler           |    11 |    39 |   124 |   382 |   315 |       |       |       ||   871
         Reflection        |       |       |     2 |    12 |    18 |   132 |   202 |    10 ||   376
         Kite shield       |       |       |       |       |   797 |  1051 |  1179 |   275 ||  3302
